 Dungeon Crawl Stone Soup version 0.22-a0-196-gee22f27 (webtiles) character file.

49 NeonDemon the Grasshopper (level 3, 0/31 HPs)
             Began as a Gnoll Warper on Feb 17, 2018.
             Slain by an orc
             ... wielding a +0 war axe
              (6 damage)
             ... on level 3 of the Dungeon.
             The game lasted 00:09:54 (476 turns).

NeonDemon the Grasshopper (Gnoll Warper)             Turns: 476, Time: 00:09:55

Health: 0/31       AC:  3    Str: 14    XL:     3   Next: 77%
Magic:  9/9        EV: 14    Int: 15    God:
Gold:   36         SH:  0    Dex: 14    Spells: 8/12 levels left

rFire    . . .     SeeInvis .     - Unarmed
rCold    . . .     Gourm    .   (no shield)
rNeg     . . .     Faith    .   a - +0 leather armour
rPois    .         Spirit   .   (no helmet)
rElec    .         Reflect  .   (no cloak)
rCorr    .         Harm     .   (no gloves)
MR       .....                  (no boots)
Stlth    +.........             (no amulet)
HPRegen  0.10/turn              (no ring)
MPRegen  0.11/turn              (no ring)

@: berserk cooldown, slowed, very slow
A: distributed training, fangs 1, strong nose
a: no special abilities


You were on level 3 of the Dungeon.
You were not hungry.

You visited 1 branch of the dungeon, and saw 3 of its levels.

You collected 36 gold pieces.

Inventory:

Missiles
 d - 4 tomahawks of dispersal (quivered)
 g - 16 sling bullets
Armour
 a - a +0 leather armour (worn)
Jewellery
 j - an uncursed amulet of the gourmand {unknown}
 l - an uncursed amulet of the gourmand {unknown}
 m - a +5 amulet of reflection {unknown}
 n - an uncursed ring of protection from cold {unknown}
Scrolls
 c - a scroll of blinking {!r}
 h - a scroll of fear {unknown}
 q - a scroll of remove curse {unknown}
Potions
 e - a potion of berserk rage {!q}
 i - a potion of agility
 k - a potion of lignification {unknown}
 p - a potion of mutation {unknown}
Books
 b - a book of Spatial Translocations
 o - a book of Misfortune
Comestibles
 f - 5 rations


   Skills:
 + Level 4.5 Fighting
 + Level 0.9 Short Blades
 + Level 0.9 Long Blades
 + Level 0.9 Axes
 + Level 0.9 Maces & Flails
 + Level 0.9 Polearms
 + Level 0.9 Staves
 + Level 0.9 Slings
 + Level 0.9 Bows
 + Level 0.9 Crossbows
 + Level 2.6 Throwing
 + Level 2.6 Armour
 + Level 4.5 Dodging
 + Level 0.9 Stealth
 + Level 0.9 Shields
 + Level 4.5 Unarmed Combat
 + Level 5.0 Spellcasting
 + Level 0.6 Conjurations
 + Level 0.6 Hexes
 + Level 0.6 Charms
 + Level 0.6 Summonings
 + Level 0.6 Necromancy
 + Level 5.4 Translocations
 + Level 0.6 Transmutations
 + Level 0.6 Fire Magic
 + Level 0.6 Ice Magic
 + Level 0.6 Air Magic
 + Level 0.6 Earth Magic
 + Level 0.6 Poison Magic
 + Level 1.0 Invocations
 + Level 0.9 Evocations


You had 8 spell levels left.
You knew the following spells:

 Your Spells              Type           Power        Failure   Level  Hunger
a - Shroud of Golubria    Chrm/Tloc      ##........   9%          2    ##.....
b - Blink                 Tloc           N/A          3%          2    ##.....


Dungeon Overview and Level Annotations

Branches:
Dungeon (3/15)

Altars:

Annotations:
D:3 exclusions: door and 1 more exclusion


Innate Abilities, Weirdness & Mutations

Your experience applies equally to all skills.
You have very sharp teeth.
Your uncanny sense of smell can sniff out nearby items.


Message History

Search for what [Enter for "arm", or ? for help]? arm
Press: ? - help, v - describe, . - travel
Here: an orc, wielding a war axe The floor.
You hit the orc.
The orc is almost dead.
The orc hits you with a war axe!
Okay, then.
You barely miss the orc.
The orc is almost dead.
The orc hits you with a war axe.
An orc comes into view. It is wielding a club.
Throwing (i - inventory)
d - 5 tomahawks of dispersal (quivered)
Press: ? - help, Shift-Dir - straight line, f - orc
Aim: an orc, wielding a war axe (almost dead)
You throw a tomahawk of dispersal.
The tomahawk of dispersal barely misses the orc.
The orc shouts!
The orc closely misses you. The orc hits you with a war axe.
You die...

###### ......### ∆
......##
######.....#
###....###...##
##........#....###
#..######.........
##.## ##.......#
#.@# ∆∆ #....####
#.o# ∆ ∆ #....####
#.oh ∆ ∆ #..#.....
#.... ∆∆ #..#.####
##..#. #.##)#
..#..### ..#†.#
..##.. ..##..#
...### (###...#
.#...######.((..#


You could see a hound (wandering) and 2 orcs.

Vanquished Creatures
  2 adders
  A river rat
  A dart slug
  A ball python
  A bat
  A giant cockroach
  A goblin
  3 hobgoblins
  7 kobolds
  A quokka
  A frilled lizard
  2 rats
22 creatures vanquished.

Notes
Turn   | Place    | Note
-------+----------+-------------------------------------------
     0 | D:1      | NeonDemon the Gnoll Warper began the quest for the Orb.
     0 | D:1      | Reached XP level 1. HP: 20/20 MP: 6/6
    99 | D:1      | Reached XP level 2. HP: 26/26 MP: 7/7
   129 | D:2      | Learned a level 2 spell: Shroud of Golubria
   239 | D:3      | Learned a level 2 spell: Blink
   277 | D:3      | Reached XP level 3. HP: 31/31 MP: 9/9
   354 | D:3      | Reached skill level 5 in Spellcasting
   447 | D:3      | Reached skill level 1 in Invocations
   476 | D:3      | Slain by an orc

Vault maps used:
D:1:      onia_arrival_mini_maze_b, ashenzari_altar_1
D:3:      minmay_goblin_kobold_castle, portal_sewer_entry_b, first_ration,
          minmay_randomly_rotated_circles, uniq_crazy_yiuf_cottage,
          uniq_natasha, uniq_ijyb

Skill      XL: |  1  2  3 |
---------------+----------+-----
Spellcasting   | 5 |  5.0
Invocations    | 1 |  1.0
Fighting       | |  4.5
Short Blades   | |  0.9
Long Blades    | |  0.9
Axes           | |  0.9
Maces & Flails | |  0.9
Polearms       | |  0.9
Staves         | |  0.9
Slings         | |  0.9
Bows           | |  0.9
Crossbows      | |  0.9
Throwing       | |  2.6
Armour         | |  2.6
Dodging        | |  4.5
Stealth        | |  0.9
Shields        | |  0.9
Unarmed Combat | |  4.5
Conjurations   | |  0.6
Hexes          | |  0.6
Charms         | |  0.6
Summonings     | |  0.6
Necromancy     | |  0.6
Translocations | |  5.4
Transmutations | |  0.6
Fire Magic     | |  0.6
Ice Magic      | |  0.6
Air Magic      | |  0.6
Earth Magic    | |  0.6
Poison Magic   | |  0.6
Evocations     | |  0.9

Action                   || total
-------------------------++-------
Melee: Unarmed           ||    77
       Punch             ||     3
       Bite              ||     5
Throw: Tomahawk          ||     1
 Cast: Shroud of Golubri ||     3
  Use: Scroll            ||     2
       Potion            ||     1
 Stab: Sleeping          ||     1
Armor: Leather armour    ||     8
Dodge: Dodged            ||    59

Table legend:
 A = Spawn XP
 B = Non-spawn XP
 C = Spawn XP percentage of total XP
 D = Spawn monster count
 E = Non-spawn monster count
 F = Spawn count percentage of total count
 G = Total turns spent on level
                    A         B        C        D         E        F      G
               +---------+---------+-------+---------+---------+-------+---------
         Total |       0 |      71 |   0.0 |       0 |      22 |   0.0 |   476
               +---------+---------+-------+---------+---------+-------+---------
           D:1 |       0 |      10 |   0.0 |       0 |       5 |   0.0 |   114
           D:2 |       0 |      21 |   0.0 |       0 |       4 |   0.0 |    91
           D:3 |       0 |      40 |   0.0 |       0 |      13 |   0.0 |   271
               +---------+---------+-------+---------+---------+-------+---------
